 Dungeon Crawl Stone Soup version 0.17.2-1-ge4368a0 (webtiles) character file.

821 Goblin1989 the Martial Artist (level 7, 0/52 HPs)
             Began as a Demonspawn Monk on Aug 18, 2016.
             Was an Elder of Qazlal.
             Slain by an orc priest
             ... wielding a +0 flail
              (3 damage)
             ... on level 5 of the Dungeon.
             The game lasted 00:06:58 (4279 turns).

Goblin1989 the Martial Artist (Demonspawn Monk)     Turns: 4279, Time: 00:06:58

Health: 0/52       AC:  2    Str: 12    XL:     7   Next: 63%
Magic:  9/9        EV: 13    Int: 13    God:    Qazlal [****..]
Gold:   144        SH:  5    Dex: 19    Spells: 0 memorised, 6 levels left

rFire  . . .     SeeInvis .       - Unarmed
rCold  . . .     Clarity  .     a - +0 robe
rNeg   . . .     SustAt   .     (no shield)
rPois  .         Gourm    .     (helmet restricted)
rElec  .         Spirit   .     (no cloak)
rCorr  .         Warding  .     (no gloves)
rMut   .         Stasis   .     (no boots)
MR     .....                    (no amulet)
Stlth  ++........               (no ring)
                                (no ring)

@: repel missiles, not resistant to hostile enchantments, unstealthy
A: antennae 1, thin skeletal structure 2, demonic guardian 1
a: Upheaval, Elemental Force, Renounce Religion


You were on level 5 of the Dungeon.
You worshipped Qazlal.
Qazlal was greatly pleased with you.
You were hungry.

You visited 1 branch of the dungeon, and saw 5 of its levels.

You collected 144 gold pieces.

Inventory:

Armour
 a - a +0 robe (worn)
Scrolls
 i - 2 scrolls of fog {unknown}
 j - a scroll of enchant armour {unknown}
 k - a scroll of amnesia {unknown}
 l - 3 scrolls of remove curse {unknown}
 n - 2 scrolls of magic mapping {unknown}
 p - a scroll of noise {unknown}
 r - 2 scrolls of identify {unknown}
 v - a scroll of fear {unknown}
Potions
 d - a potion of magic {unknown}
 e - a potion of agility {unknown}
 f - 2 potions of flight {unknown}
 o - 2 potions of cancellation {unknown}
 q - a potion of brilliance {unknown}
 t - 2 potions of berserk rage {unknown}
Comestibles
 b - 3 bread rations
 g - 2 beef jerkies
 s - a slice of pizza
 u - 4 fruits


   Skills:
 - Level 3.0 Fighting
 - Level 2.6 Dodging
 - Level 1.7 Stealth
 * Level 8.3 Unarmed Combat
 + Level 3.4 Invocations


You had 6 spell levels left.
You didn't know any spells.

Dungeon Overview and Level Annotations

Branches:
Dungeon (5/15)             Temple (0/1) D:4

Altars:
Ashenzari
Qazlal
Ru


Innate Abilities, Weirdness & Mutations

You have a pair of small antennae on your head.
You have a moderately thin skeletal structure (Dex +4, Stealth+).
A weak demonic guardian rushes to your aid.


Message History

The orc priest is heavily wounded.
The phantom hits your iron imp.
The phantom blinks!
The orc priest miscasts a cantrip.
You barely miss the orc priest.
The orc priest is heavily wounded.
The orc priest hits you with a flail!
* * * LOW HITPOINT WARNING * * *
You take 7 damage, and have 4/52 hp.
You hit the orc priest but do no damage.
The orc priest is heavily wounded.
The quasit bites you but does no damage.
The quasit claws you but does no damage.
The quasit claws you.
* * * LOW HITPOINT WARNING * * *
You take 1 damage, and have 3/52 hp.
You hit the orc priest.
The orc priest is heavily wounded.
The quasit barely misses you. The quasit closely misses you.
The quasit barely misses you. The orc priest hits you with a flail.
You die...

.........+##...
#................
#.................
#.................#
#.................#
#.................#
#......§..§#......#
#......5.o.#§....[
......§§@#.....#
.........#.)...#
....5....#o....#
....W.####.....#
......'...))...##
......###.(.....#
..... #.......#
.#..#######((........
.....................


You could see a phantom, an orc priest, a quasit and a friendly iron imp.

Vanquished Creatures
  An ogre (D:4)
  A centaur (D:5)
  2 scorpions
  2 vampire bats (D:3)
  A crimson imp (D:5)
  An orc priest (D:4)
  A gnoll shaman (D:4)
  A centaur skeleton (D:4)
  4 orc wizards (D:4)
  3 iguanas
  4 adders
  4 gnolls (D:4)
  An adder zombie (D:5)
  2 worms (D:2)
  A giant gecko (D:2)
  13 orcs
  2 giant cockroaches (D:2)
  3 goblins
  8 hobgoblins
  12 bats
  5 giant newts
  A jackal skeleton (D:4)
  4 kobolds
  6 rats
83 creatures vanquished.

Vanquished Creatures (collateral kills)
  An ogre (D:4)
  A gnoll (D:4)
  An adder (D:4)
  2 orcs
  A bat (D:3)
6 creatures vanquished.

Grand Total: 89 creatures vanquished

Notes
Turn   | Place    | Note
--------------------------------------------------------------
     0 | D:1      | Goblin1989 the Demonspawn Monk began the quest for the Orb.
     0 | D:1      | Reached XP level 1. HP: 18/18 MP: 1/1
   911 | D:1      | Reached skill level 4 in Unarmed Combat
  1022 | D:2      | Gained mutation: You have a somewhat thin skeletal structure (Dex +2, Stealth). [demonic ancestry]
  1022 | D:2      | Reached XP level 2. HP: 14/24 MP: 2/2
  1037 | D:2      | HP: 1/24 [hobgoblin/club (5)]
  1692 | D:2      | Found a faded altar to an unknown god.
  1700 | D:2      | Became a worshipper of Qazlal Stormbringer
  1700 | D:2      | Reached * piety under Qazlal
  1700 | D:2      | Reached ** piety under Qazlal
  1769 | D:2      | Gained mutation: A weak demonic guardian rushes to your aid. [demonic ancestry]
  1769 | D:2      | Reached XP level 3. HP: 22/29 MP: 3/3
  2026 | D:2      | Found a sacrificial altar of Ru.
  2084 | D:2      | Reached *** piety under Qazlal
  2280 | D:2      | Found a shattered altar of Ashenzari.
  2610 | D:3      | Reached skill level 5 in Unarmed Combat
  2713 | D:3      | Gained mutation: You have a moderately thin skeletal structure (Dex +4, Stealth+). [demonic ancestry]
  2713 | D:3      | Reached XP level 4. HP: 35/35 MP: 4/4
  2742 | D:3      | Gained mutation: You have a pair of small antennae on your head. [demonic ancestry]
  2742 | D:3      | Reached XP level 5. HP: 38/41 MP: 5/5
  2800 | D:3      | Reached skill level 6 in Unarmed Combat
  3135 | D:4      | Noticed an ogre
  3142 | D:4      | Killed an ogre
  3154 | D:4      | Reached XP level 6. HP: 11/47 MP: 6/6
  3189 | D:4      | Reached skill level 7 in Unarmed Combat
  3209 | D:4      | Reached **** piety under Qazlal
  3344 | D:4      | Found a staircase to the Ecumenical Temple.
  3421 | D:4      | Reached skill level 1 in Invocations
  3845 | D:4      | Reached XP level 7. HP: 49/52 MP: 6/8
  4173 | D:5      | Entered Level 5 of the Dungeon
  4177 | D:5      | Reached skill level 8 in Unarmed Combat
  4279 | D:5      | Slain by an orc priest

Action                   |  1- 3 |  4- 6 |  7- 9 || total
-------------------------+-------+-------+-------++-------
Melee: Unarmed           |   134 |   124 |    49 ||   307
  Use: Potion            |       |     4 |     1 ||     5
 Stab: Sleeping          |     3 |       |       ||     3
       Distracted        |       |       |     1 ||     1
  Eat: Chunk             |     6 |     2 |     2 ||    10
